 Dungeon Crawl Stone Soup version 0.28-a0-1638-g9123634e07 (webtiles) character file.

Game seed: 13257022646862515681

131 vishdafish the Skirmisher (level 5, 0/41 HPs)
             Began as a Djinni Fighter on Jan 25, 2022.
             Killed from afar by an orc wizard (2 damage)
             ... with a magic dart
             ... on level 4 of the Dungeon.
             The game lasted 00:05:01 (3679 turns).

vishdafish the Skirmisher (Djinni Fighter)          Turns: 3679, Time: 00:05:02

Health: 0/41       AC:  5    Str: 13 (15) XL:     5   Next: 37%
Gold:   131        EV:  9    Int: 12      God:
                   SH:  0    Dex: 12

rFire   + + .      SeeInvis .   a - +0 long sword
rCold   . . .      Faith    .   c - +0 buckler
rNeg    . . .      Spirit   .   l - +0 ring mail {rC+}
rPois   ∞          Reflect  .   (no helmet)
rElec   .          Harm     .   (no cloak)
rCorr   .          Rampage  .   (no gloves)
Will    .....                   (boots unavailable)
Stlth   ..........              (no amulet)
HPRegen 0.13/turn               (no ring)
MPRegen 0.00/turn               (no ring)

@: confused, flying
A: sickness immunity, fire resistance 2, cold vulnerability 1, float, innate
caster, hp casting, extra vitality 1
a: no special abilities


You were on level 4 of the Dungeon.
You visited 1 branch of the dungeon, and saw 4 of its levels.

You collected 131 gold pieces.

Inventory:

Hand Weapons
 a - a +0 long sword (weapon)
Armour
 b - a +0 scale mail
 c - a +0 buckler (worn)
 l - a +0 ring mail of cold resistance (worn)
Scrolls
 e - a scroll of immolation {unknown}
 g - a scroll of torment {unknown}
 h - a scroll of magic mapping {unknown}
 j - a scroll of noise {unknown}
 k - 2 scrolls of vulnerability {unknown}
Potions
 d - 2 potions of curing {unknown}
 f - a potion of ambrosia
 i - a potion of lignification {unknown}
 m - a potion of brilliance


   Skills:
 + Level 3.6 Fighting
 + Level 2.5 Long Blades
 + Level 3.6 Armour
 + Level 3.6 Shields
 + Level 1.2 Spellcasting


You had 3 spell levels left.
You knew the following spells:

 Your Spells              Type           Power      Damage    Failure   Level
a - Foxfire               Conj/Fire      12%        2x1d4     43%         1
b - Static Discharge      Conj/Air       3%         N/A       56%         2
Your spell library was empty.

Dungeon Overview and Level Annotations

Branches:
Dungeon (4/15)
 Temple: D:4-7

Altars:
Elyvilon
Gozag
Nemelex Xobeh

Annotations:
D:3 Terence; p0werm0de's ghost, amateur MiFi


Innate Abilities, Weirdness & Mutations

You are immune to sickness and miasma.
You are immune to poison.
Your flesh is very heat resistant. (rF++)
You are vulnerable to cold. (rC-)
You float through the air rather than walking.
You learn spells naturally, not from books.
Your magical power is your life essence.
You have superior vitality. (+4 MHP)


Message History

You closely miss the orc.
The orc is almost dead.
Something hits you but does no damage. The orc hits you with a +0 club.
You barely miss the orc.
The orc is almost dead.
Something hits you. The orc hits you with a +0 club.
Something hits you but does no damage.
You hit the orc.
You kill the orc!
Something completely misses you.
You closely miss something. Something hits you.
You closely miss something. You block something's attack.
You closely miss something.
Something hits you but does no damage. x2
You completely miss something. Something hits you.
You miss something. Something hits you but does no damage.
You miss something. Something hits you.
* * * LOW HITPOINT WARNING * * *
Something hits you.
* * * LOW HITPOINT WARNING * * *
You hit something. Something hits you but does no damage.
You hit something. Something hits you but does no damage.
You hit something but do no damage. Something hits you.
* * * LOW HITPOINT WARNING * * *
You hear some strange, mumbled words.
A magic dart appears from out of thin air!
The magic dart hits you.
* * * LOW HITPOINT WARNING * * *
You barely miss something.
An orc wizard appears from thin air!
Reactivating autopickup.
The orc wizard points at you and mumbles some strange words.
You are confused.
The orc wizard barely misses you.
You bump into the rock wall.
The orc wizard hits you but does no damage.
You bump into the rock wall.
The orc wizard hits you with a +0 dagger.
* * * LOW HITPOINT WARNING * * *
The orc wizard points at you and mumbles some strange words.
The magic dart hits you.
You die...

#......#
#......###+##
#...........#
#...........+
#...........###
#...(..........
#..............
#######........
#.@.o)........
#....#........
........#........
...#######....<..o
... .#####... #. .
... # . ##


You could see an orc wizard.

Vanquished Creatures
  Jessica (D:3)
  Natasha (D:1)
  2 dart slugs
  8 orcs
  5 ball pythons
  4 endoplasms
  3 giant cockroaches
  6 goblins
  5 hobgoblins
  4 jackals (D:2)
  7 kobolds
  2 quokkas (D:2)
  3 bats
  6 frilled lizards
  8 rats
65 creatures vanquished.

Notes
Turn   | Place    | Note
-------+----------+-------------------------------------------
     0 | D:1      | vishdafish the Djinni Fighter began the quest for the Orb.
     0 | D:1      | Reached XP level 1. HP: 20/20 MP: 0/0
    71 | D:1      | Reached XP level 2. HP: 15/25 MP: 0/0
   432 | D:1      | Found a faded altar of an unknown god.
   671 | D:1      | Reached XP level 3. HP: 23/30 MP: 0/0
   671 | D:1      | Learned a level 1 spell: Foxfire
  1130 | D:2      | Noticed Natasha
  1162 | D:1      | HP: 1/30 [Natasha/magic dart (5)]
  1163 | D:1      | Killed Natasha
  1164 | D:1      | Reached XP level 4. HP: 1/35 MP: 0/0
  1506 | D:2      | Found a white marble altar of Elyvilon.
  1638 | D:2      | Reached skill level 1 in Spellcasting
  2329 | D:3      | Noticed Jessica
  2454 | D:3      | Killed Jessica
  2455 | D:3      | Reached XP level 5. HP: 36/40 MP: 0/0
  2455 | D:3      | Learned a level 2 spell: Static Discharge
  2729 | D:3      | Found a runed translucent gate.
  2729 | D:3      | Noticed a necrophage
  2731 | D:3      | Found a runed translucent gate.
  2732 | D:3      | Found a runed translucent gate.
  2736 | D:3      | Noticed p0werm0de's ghost (amateur MiFi)
  2971 | D:3      | Found a sparkling altar of Nemelex Xobeh.
  3008 | D:3      | Found an opulent altar of Gozag.
  3037 | D:3      | Noticed Terence
  3678 | D:4      | HP: 2/41 [orc wizard (3)]
  3679 | D:4      | Killed from afar by an orc wizard

Illustrated notes

Levels and vault maps discovered:
D:1:      matt_arrival_grand_opening, layout_basic,
          chequers_ecumenical_altar_simple_redux,
          hangedman_decor_clover_reticule
D:2:      layout_basic, basic_altar, roderic_lattice_a, uniq_natasha
D:3:      layout_loops_cross, grunt_gozag_statues, nemelex_diamond_rough_becter,
          gammafunk_ghost_split, uniq_jessica, uniq_terence
D:4:      layout_gridville, general_overflow_altar, temple_doors_e, uniq_pikel,
          uniq_edmund

Skill      XL: |  1  2  3  4 |
---------------+-------------+-----
Long Blades    | 2 |  2.5
Spellcasting   | 1 |  1.2
Fighting       | |  3.6
Armour         | |  3.6
Shields        | |  3.6

Action                   |  1- 3 |  4- 6 || total
-------------------------+-------+-------++-------
Melee: Long sword        |    82 |   124 ||   206
  Use: Potion            |     3 |       ||     3
Armor: Scale mail        |    52 |    49 ||   101
       Ring mail         |       |    44 ||    44
Dodge: Dodged            |    50 |    62 ||   112
Block: Buckler           |    25 |    41 ||    66

Table legend: (Time is in decaauts)
 A = Elapsed time spent in this place.
 B = Non-inter-level travel time spent in this place.
 C = Inter-level travel time spent in this place.
 D = Time resting spent in this place.
 E = Time spent auto-exploring this place.
 F = Levels seen in this place.
 G = Mean time per level.
                   A        B        C        D        E       F      G
               +--------+--------+--------+--------+--------+-----+--------+
         Total |   3771 |   3670 |    101 |    644 |   2350 |   4 |  942.8 |
       Dungeon |   3771 |   3670 |    101 |    644 |   2350 |   4 |  942.8 |
               +--------+--------+--------+--------+--------+-----+--------+

Top non-repeatable levels by time:
     D:1: 1449 daAuts
     D:2: 1269 daAuts
     D:3: 957 daAuts
     D:4: 95 daAuts
